[Event "Titled Tuesday Blitz July 4 Early 2023"]
[White "Sowa, Ryan"]
[Black "Koshulyan, Egor A."]
[WhiteFideId "30901693"]
[BlackFideId "24237000"]
[WhiteElo "2567"]
[BlackElo "2684"]
[Result "1-0"]
[Round "10"]
[TimeControl "180+2"]
[Date "2023.07.04"]
[WhiteClock "0:00:20"]
[BlackClock "0:00:11"]
[Board "48"]

1. Nf3 d5 2. b3 Nf6 3. Bb2 c5 4. g3 Nc6 5. d4 cxd4 6. Nxd4 g6 7. Bg2 Bg7 8. O-O O-O 9. Nxc6 bxc6 10. Nd2 Re8 11. c4 e5 12. cxd5 cxd5 13. Nf3 Qd6 14. Qd2 Ne4 15. Qe3 Bb7 16. Ng5 Nf6 17. Rac1 Rad8 18. Qxa7 Rd7 19. Qc5 Qa6 20. Nf3 Ne4 21. Qc2 Rde7 22. Rfd1 Ra8 23. a3 Qb5 24. b4 Ba6 25. Nd2 Nf6 26. e3 Bc8 27. Qc6 Qb8 28. Nb3 Bg4 29. Re1 e4 30. Qc2 Nd7 31. Bxg7 Kxg7 32. Qb2+ Ne5 33. Nd4 Kg8 34. Nc6 Nxc6 35. Rxc6 Qb5 36. Rec1 Rea7 37. Bf1 Qa4 38. R6c3 Qd7 39. b5 d4 40. exd4 Qxd4 41. Rc8+ Rxc8 42. Rxc8+ Bxc8 43. Qxd4 Rb7 1-0


[Site "https://www.chess.com"]

[Event "Titled Tuesday Blitz July 4 Early 2023"]
[White "Parpiev, Isaak"]
[Black "Akhmedinov, Satbek"]
[WhiteFideId "34281576"]
[BlackFideId "13714287"]
[WhiteElo "2565"]
[BlackElo "2680"]
[Result "1-0"]
[Round "10"]
[TimeControl "180+2"]
[Date "2023.07.04"]
[WhiteClock "0:00:19"]
[BlackClock "0:01:11"]
[Board "49"]

1. d4 Nf6 2. c4 e6 3. Nc3 Bb4 4. e3 O-O 5. Bd3 c5 6. a3 Bxc3+ 7. bxc3 d6 8. Ne2 Nc6 9. O-O b6 10. e4 e5 11. d5 Na5 12. Ng3 Ba6 13. Bg5 h6 14. Be3 Nxc4 15. Bc1 Qc8 16. Qe2 b5 17. a4 Nb6 18. axb5 Bb7 19. c4 Nbd7 20. Nf5 Qc7 21. Qf3 Kh7 22. Qh3 Ng8 23. Bc2 Ndf6 24. f4 Rfe8 25. fxe5 dxe5 26. Nxh6 gxh6 27. Rxf6 Nxf6 28. Qxh6+ Kg8 29. Qxf6 Qb6 30. Qh4 Qg6 31. Ra3 a6 32. Rg3 axb5 33. Rxg6+ fxg6 34. Qf6 Ra1 35. Qxg6+ Kf8 36. Kf2 Rxc1 37. Qh6+ Ke7 38. Qxc1 Rf8+ 39. Kg1 bxc4 40. Qe3 Kd6 41. Qh6+ Ke7 42. Qe6+ Kd8 43. Qd6+ Ke8 44. Qxe5+ 1-0


[Site "https://www.chess.com"]

[Event "Titled Tuesday Blitz July 4 Early 2023"]
[White "Shubenkova, Veronika"]
[Black "Kamalidenova, Meruert"]
[WhiteFideId "44124040"]
[BlackFideId "13712802"]
[WhiteElo "2527"]
[BlackElo "2673"]
[Result "1-0"]
[Round "10"]
[TimeControl "180+2"]
[Date "2023.07.04"]
[WhiteClock "0:00:05"]
[BlackClock "0:00:00"]
[Board "50"]

1. e4 c5 2. Nc3 Nc6 3. g3 g6 4. Bg2 Bg7 5. d3 d6 6. f4 h5 7. h4 Nh6 8. Nf3 O-O 9. O-O f5 10. Rb1 Nd4 11. Nxd4 Bxd4+ 12. Kh1 Ng4 13. Qe1 Bg7 14. Nd5 e6 15. Ne3 Rb8 16. Nxg4 hxg4 17. Bd2 b5 18. Bc3 b4 19. Bxg7 Kxg7 20. Qd2 Rh8 21. c3 a5 22. Kg1 Bd7 23. d4 c4 24. Rfe1 Qf6 25. e5 dxe5 26. Rxe5 bxc3 27. Qxc3 Bb5 28. Rbe1 Bd7 29. d5 Rhe8 30. Qxc4 Rbc8 31. Qd4 Kh6 32. Kh2 Rc2 33. Qb6 Kg7 34. Qxa5 Rxb2 35. Qa7 Re7 36. Qa3 Rd2 37. Qe3 Rxa2 38. dxe6 Bc6 39. Re2 Rxe2 40. Qxe2 Be8 41. Bd5 Rc7 42. Qd3 Qd8 43. h5 Rc1 44. Qd4 Kh6 45. e7 Qa5 46. Re2 Kh7 47. hxg6+ Kxg6 48. Re6+ Kh7 49. Re2 Qa1 50. Qb6 Qg7 51. Re6 Bg6 52. Rxg6 Rc2+ 53. Bg2 Qxe7 54. Rh6+ Kg8 55. Qg6+ Qg7 56. Qxg7+ Kxg7 57. Rd6 Rc5 58. Kg1 Ra5 59. Kf2 Rc5 60. Ke3 Rc3+ 61. Rd3 Rc4 62. Bd5 Rb4 63. Bb3 Kf6 64. Rc3 Re4+ 65. Kd3 Re1 66. Kc4 Re4+ 67. Kd5 Re1 68. Bc2 1-0


[Site "https://www.chess.com"]

[Event "Titled Tuesday Blitz July 4 Early 2023"]
[White "Ocelak, Jakub"]
[Black "Radzhabov, Rodion"]
[WhiteFideId "23707933"]
[BlackFideId "884715"]
[WhiteElo "2477"]
[BlackElo "2668"]
[Result "0-1"]
[Round "10"]
[TimeControl "180+2"]
[Date "2023.07.04"]
[WhiteClock "0:00:00"]
[BlackClock "0:01:01"]
[Board "51"]

1. d4 Nf6 2. Nc3 d5 3. Bf4 a6 4. e3 c5 5. dxc5 e6 6. b4 Nc6 7. a3 e5 8. Bg5 Be6 9. Nf3 h6 10. Bh4 g5 11. Bg3 Nh5 12. Nxe5 Nxg3 13. Nxc6 bxc6 14. hxg3 Bg7 15. Qd2 d4 16. Ne4 dxe3 17. Qxd8+ Rxd8 18. c3 f5 19. Nd6+ Rxd6 20. cxd6 Bxc3+ 21. Ke2 Bxa1 22. Kxe3 Bb2 23. Bxa6 Bxa3 24. Bb7 Kd7 25. Ra1 Bxb4 26. Ra6 Bd5 27. Ra4 Bc5+ 28. Ke2 Kxd6 29. Ba6 Re8+ 30. Kf1 Ra8 31. Kg1 Kc7 32. Bb5 cxb5 33. Rxa8 Bxa8 34. g4 fxg4 35. Kh2 Bxf2 36. g3 Be1 37. Kg1 Bxg3 0-1


[Site "https://www.chess.com"]

[Event "Titled Tuesday Blitz July 4 Early 2023"]
[White "Grossboss19"]
[Black "Ahmad, Khagan"]
[BlackFideId "13431552"]
[WhiteElo "2455"]
[BlackElo "2661"]
[Result "0-1"]
[Round "10"]
[TimeControl "180+2"]
[Date "2023.07.04"]
[WhiteClock "0:00:00"]
[BlackClock "0:00:17"]
[Board "52"]

1. Nf3 d5 2. d4 Nf6 3. c4 e6 4. Nc3 Bb4 5. g3 O-O 6. Bg2 c5 7. O-O cxd4 8. Nxd4 e5 9. Nc2 Bxc3 10. bxc3 dxc4 11. Qxd8 Rxd8 12. Ne3 Nc6 13. Nxc4 Be6 14. Bxc6 Bxc4 15. Bxb7 Rab8 16. Bg2 Bxe2 17. Re1 Bc4 18. Bg5 h6 19. Be3 Ng4 20. Bxa7 Rb2 21. h3 Nxf2 22. Bxf2 Rdd2 23. Rf1 Bxf1 24. Rxf1 Rxa2 25. c4 Rac2 26. Bd5 e4 27. Bxe4 Rxc4 28. Re1 g6 29. Kf1 Ra4 30. Bf3 Raa2 31. Re2 Rxe2 32. Bxe2 h5 33. Bf3 Kg7 34. Bd4+ Kh6 35. Be3+ g5 36. h4 f6 37. Be2 Ra3 38. Kf2 Kg6 39. hxg5 fxg5 40. Bc5 Rc3 41. Bd4 Rb3 42. Bc4 Rb4 43. Bd3+ Kh6 44. Bc5 Rb2+ 45. Kf3 Rb8 46. Bf5 Kg7 47. Bd4+ Kh6 48. Ke4 Re8+ 49. Be5 Ra8 50. Kd5 Ra5+ 51. Ke6 Ra6+ 52. Kf7 Ra7+ 53. Kg8 Ra8+ 54. Kf7 Ra7+ 55. Ke6 Ra6+ 56. Kd5 Ra5+ 57. Ke6 g4 58. Bf4+ Kg7 59. Be5+ Kh6 60. Bf4+ Kg7 61. Be5+ Kg8 62. Kf6 Ra6+ 63. Be6+ Kh7 64. Kf5 Ra5 65. Kf4 Kg6 66. Bf5+ Kf7 67. Bd6 Rd5 68. Be5 Ra5 69. Bd3 Ra4+ 70. Kf5 Ra3 71. Bc4+ Ke7 72. Bf6+ Kd6 73. Bh4 Ra5+ 74. Kg6 Kc5 75. Bf7 Kd4 76. Kh6 Ke4 77. Bxh5 Kf3 78. Bf7 Ra7 79. Kg6 Ra6+ 80. Kf5 Ra5+ 81. Kf6 Rb5 82. Be6 Rh5 0-1


[Site "https://www.chess.com"]

[Event "Titled Tuesday Blitz July 4 Early 2023"]
[White "Hilary46"]
[Black "Melikhov, Evgeny V."]
[BlackFideId "4122046"]
[WhiteElo "2646"]
[BlackElo "2419"]
[Result "1-0"]
[Round "10"]
[TimeControl "180+2"]
[Date "2023.07.04"]
[WhiteClock "0:01:29"]
[BlackClock "0:00:44"]
[Board "53"]

1. e4 e5 2. Nf3 Nc6 3. Bb5 a6 4. Ba4 Nf6 5. O-O Nxe4 6. d4 b5 7. Bb3 d5 8. dxe5 Be6 9. Nbd2 Bc5 10. Nxe4 dxe4 11. Bxe6 Qxd1 12. Rxd1 fxe6 13. Ng5 O-O 14. Nxe4 Bb6 15. Be3 Bxe3 16. fxe3 Nxe5 17. b3 Ng4 18. Re1 Rad8 19. Re2 b4 20. Nc5 Rd6 21. h3 Nf6 22. Nd3 a5 23. a3 Ne4 24. axb4 axb4 25. Nxb4 Ng3 26. Rf2 Rxf2 27. Kxf2 Ne4+ 28. Kf3 Ng5+ 29. Ke2 Ne4 30. Nd3 Nc3+ 31. Kf3 Rc6 32. Ra8+ Kf7 33. Ne5+ 1-0


[Site "https://www.chess.com"]

[Event "Titled Tuesday Blitz July 4 Early 2023"]
[White "Howell, David W L"]
[Black "Besedes, Danilo"]
[WhiteFideId "410608"]
[BlackFideId "946796"]
[WhiteElo "2995"]
[BlackElo "2540"]
[Result "1-0"]
[Round "10"]
[TimeControl "180+2"]
[Date "2023.07.04"]
[WhiteClock "0:00:05"]
[BlackClock "0:00:00"]
[Board "54"]

1. d4 e6 2. Nf3 d5 3. c4 Nf6 4. Nc3 Be7 5. Bf4 O-O 6. e3 c5 7. dxc5 Qa5 8. Qc2 Nc6 9. O-O-O dxc4 10. Bxc4 Qxc5 11. Na4 Qa5 12. Nc3 Qc5 13. Bb3 e5 14. Bg5 Na5 15. Bxf6 Bxf6 16. Bd5 Nc6 17. a3 Bg4 18. h3 Bh5 19. Be4 Bg6 20. Rd5 Qb6 21. Rhd1 a5 22. Kb1 Nb4 23. axb4 axb4 24. Qb3 Rfc8 25. Bxg6 hxg6 26. Na2 e4 27. Nd2 Ra6 28. Nxe4 Rca8 29. Nxb4 Ra1+ 30. Kc2 Qc7+ 31. Rc5 Qe7 32. Rxa1 Qxe4+ 33. Nd3 Rxa1 34. Rc8+ Kh7 35. Qxf7 Qa4+ 36. Qb3 Qxb3+ 37. Kxb3 Rg1 38. g3 Rh1 39. h4 Rd1 40. Kc2 Ra1 41. Rc7 b5 42. Rb7 Ra5 43. Kb3 Kh6 44. Nf4 g5 45. hxg5+ Kxg5 46. Nd5 Be5 47. f4+ 1-0


[Site "https://www.chess.com"]

[Event "Titled Tuesday Blitz July 4 Early 2023"]
[White "Molina, Roberto Junio Brito"]
[Black "Osmak, Yuliia"]
[WhiteFideId "2109450"]
[BlackFideId "14101602"]
[WhiteElo "2832"]
[BlackElo "2540"]
[Result "1-0"]
[Round "10"]
[TimeControl "180+2"]
[Date "2023.07.04"]
[WhiteClock "0:00:30"]
[BlackClock "0:00:19"]
[Board "55"]

1. e4 e6 2. d4 d5 3. Nd2 Nc6 4. Ngf3 Nf6 5. e5 Nd7 6. Bb5 a6 7. Ba4 Nb6 8. Bxc6+ bxc6 9. Nb3 a5 10. Bg5 f6 11. exf6 gxf6 12. Be3 a4 13. Nc1 Nc4 14. Nd3 a3 15. b3 Nb2 16. Qd2 Nxd3+ 17. cxd3 Bd6 18. Bh6 Qe7 19. O-O Rg8 20. Rac1 Bd7 21. Bf4 Rg6 22. Qe3 Kf7 23. Bxd6 cxd6 24. Nh4 Rg5 25. f4 Rg4 26. g3 Rag8 27. Nf3 Kg7 28. Kf2 Kh8 29. Rg1 Qg7 30. Rg2 Qh6 31. Rh1 Qh3 32. Ng1 Qh5 33. h3 R4g7 34. Nf3 Rf8 35. g4 Qh6 36. h4 e5 37. fxe5 fxe5 38. Qxh6 1-0


[Site "https://www.chess.com"]

[Event "Titled Tuesday Blitz July 4 Early 2023"]
[White "Kosakowski, Jakub"]
[Black "Tikhonov, Viacheslav"]
[WhiteFideId "1185080"]
[BlackFideId "44196407"]
[WhiteElo "2814"]
[BlackElo "2539"]
[Result "1-0"]
[Round "10"]
[TimeControl "180+2"]
[Date "2023.07.04"]
[WhiteClock "0:00:51"]
[BlackClock "0:00:10"]
[Board "56"]

1. e4 c5 2. Nf3 d6 3. d4 cxd4 4. Nxd4 Nf6 5. Nc3 a6 6. Be2 e5 7. Nb3 Be6 8. Be3 Be7 9. O-O O-O 10. Re1 Nbd7 11. a4 Qb8 12. a5 b5 13. axb6 Nxb6 14. Rxa6 Rxa6 15. Bxa6 Nc4 16. Bxc4 Bxc4 17. Bg5 Rd8 18. Re3 h6 19. Bxf6 Bxf6 20. Na5 Bg5 21. Nxc4 Bxe3 22. fxe3 Qb4 23. Qd3 Rc8 24. b3 Rc6 25. h3 Qb8 26. Kh2 Qd8 27. Nxe5 Rc8 28. Nc4 Rc6 29. Nd5 Qg5 30. b4 h5 31. b5 Rc8 32. b6 h4 33. b7 Rb8 34. Qf1 Rxb7 35. Qf4 Qd8 36. Nxd6 Rd7 37. Nf5 g5 38. Qe5 Qf8 39. Nf6+ 1-0


[Site "https://www.chess.com"]

[Event "Titled Tuesday Blitz July 4 Early 2023"]
[White "Demin, Vladimir"]
[Black "Mikhailovsky, Vladimir"]
[WhiteFideId "4167457"]
[BlackFideId "34105414"]
[WhiteElo "2537"]
[BlackElo "2795"]
[Result "1-0"]
[Round "10"]
[TimeControl "180+2"]
[Date "2023.07.04"]
[WhiteClock "0:00:37"]
[BlackClock "0:00:00"]
[Board "57"]

1. d4 d5 2. Nc3 Nf6 3. Bf4 c5 4. e4 dxe4 5. dxc5 Qa5 6. Qd2 g6 7. O-O-O Bg7 8. Bxb8 O-O 9. Be5 Be6 10. a3 Qxc5 11. Qd4 Qa5 12. f4 Rad8 13. Qb4 Rxd1+ 14. Nxd1 Qd8 15. Nc3 e3 16. Nf3 Bh6 17. Be2 Nd5 18. Qd4 f6 19. Bc4 fxe5 20. Qxe5 e2 21. Qxe6+ Kh8 22. Qe5+ Bg7 23. Qxd5 Qb6 24. Re1 1-0


[Site "https://www.chess.com"]

[Event "Titled Tuesday Blitz July 4 Early 2023"]
[White "Rottenwohrer Suarez, Juan"]
[Black "Tristan, Leonardo"]
[WhiteFideId "32068182"]
[BlackFideId "113816"]
[WhiteElo "2530"]
[BlackElo "2777"]
[Result "0-1"]
[Round "10"]
[TimeControl "180+2"]
[Date "2023.07.04"]
[WhiteClock "0:00:00"]
[BlackClock "0:00:06"]
[Board "58"]

1. c4 e6 2. g3 d5 3. Bg2 Nf6 4. Nf3 Be7 5. O-O O-O 6. b3 a5 7. Bb2 a4 8. bxa4 Nbd7 9. cxd5 exd5 10. Nc3 Nb6 11. d3 Bd7 12. Nd4 Nxa4 13. Nxa4 Bxa4 14. Qd2 Bd7 15. Nf3 c5 16. Ne5 Be6 17. a4 Ra6 18. Rfb1 Qa8 19. Bc3 Bd6 20. e3 Rd8 21. h4 h6 22. a5 Bc7 23. Qb2 Rb8 24. Qb5 Qa7 25. Bf3 Ne8 26. Kg2 Nd6 27. Qa4 Ra8 28. Ng4 Bxa5 29. Qc2 Bxc3 30. Rxa6 Qxa6 31. Qxc3 Rc8 32. Rd1 b5 33. Qe5 b4 34. h5 c4 35. dxc4 Nxc4 36. Qd4 b3 37. Ne5 Nxe5 38. Qxe5 Qb7 39. Bxd5 Bxd5+ 40. Qxd5 Qb6 41. Qd4 Qb5 42. Qd5 Qb8 43. Qd6 Qb7+ 44. Qd5 Rc6 45. Qd8+ Kh7 46. Qd3+ Kg8 47. Qd8+ Kh7 48. Qd3+ g6 49. hxg6+ Kg7 50. Qe4 fxg6 51. Qe5+ Kf7 52. Qd5+ Ke7 53. Rd4 Rb6 54. Re4+ Kf6 55. Qe5+ Kf7 0-1


[Site "https://www.chess.com"]

[Event "Titled Tuesday Blitz July 4 Early 2023"]
[White "Czopor, Maciej"]
[Black "David, Bogdan-Emanuel"]
[WhiteFideId "21805431"]
[BlackFideId "1229907"]
[WhiteElo "2692"]
[BlackElo "2526"]
[Result "1-0"]
[Round "10"]
[TimeControl "180+2"]
[Date "2023.07.04"]
[WhiteClock "0:01:24"]
[BlackClock "0:00:51"]
[Board "60"]

1. c4 g6 2. Nc3 Bg7 3. d4 d6 4. e4 e5 5. d5 a5 6. Bd3 Na6 7. Bc2 Bh6 8. Bxh6 Nxh6 9. Qd2 Ng8 10. Nge2 Nc5 11. O-O Qh4 12. b3 Ne7 13. a3 f5 14. Nb5 Kd8 15. exf5 gxf5 16. b4 Na6 17. c5 Bd7 18. cxd6 Bxb5 19. dxe7+ Kxe7 20. Ng3 Qf4 21. Nxf5+ Kf6 22. Qxf4 exf4 23. Rfe1 axb4 24. Re6+ Kg5 25. h4+ Kg4 26. f3+ Kh5 27. Rh6# 1-0


[Site "https://www.chess.com"]

[Event "Titled Tuesday Blitz July 4 Early 2023"]
[White "gueraumasague"]
[Black "Papasimakopoulos, Alexandros"]
[BlackFideId "4244125"]
[WhiteElo "2526"]
[BlackElo "2679"]
[Result "0-1"]
[Round "10"]
[TimeControl "180+2"]
[Date "2023.07.04"]
[WhiteClock "0:00:01"]
[BlackClock "0:01:36"]
[Board "61"]

1. e4 e6 2. Nc3 d5 3. d4 Bb4 4. exd5 exd5 5. Nf3 Nf6 6. Bd3 O-O 7. O-O Bg4 8. h3 Bh5 9. g4 Bg6 10. Ne5 c5 11. Ne2 cxd4 12. Nxg6 hxg6 13. Nxd4 Nc6 14. Be3 Re8 15. c3 Ba5 16. Re1 Bc7 17. Nxc6 bxc6 18. Qf3 Qd6 19. Bd4 Ne4 20. Bxe4 dxe4 21. Rxe4 Rxe4 22. Qxe4 Qh2+ 23. Kf1 Qxh3+ 24. Qg2 Qd3+ 25. Kg1 Qe2 26. Qxc6 Qxg4+ 27. Qg2 Qxg2+ 28. Kxg2 Bb6 29. Bxb6 axb6 30. a4 Kf8 31. b3 Ke7 32. Rd1 Rc8 33. c4 Rc5 34. Kf3 Rf5+ 35. Kg3 g5 36. Rd4 f6 37. Rd1 Re5 38. Kf3 f5 39. Rh1 Kd6 40. Rh5 g4+ 41. Kf4 g6 42. Rh6 Re6 43. Rh8 Kc5 44. Rd8 Kb4 45. Rd3 Re2 46. Kg3 Rb2 47. Kh4 Rxf2 48. Kg5 Rf3 49. Rd6 Kxb3 50. Rxb6+ Kxc4 51. Rxg6 Kb4 52. Rf6 Kxa4 53. Kh4 Kb4 54. Rd6 Kc5 55. Rd1 g3 56. Kh3 f4 57. Kg4 Rf2 58. Kh3 Kc4 59. Rd8 Kc3 60. Rd7 g2 61. Kh2 f3 62. Rf7 Rf1 63. Rxf3+ Rxf3 64. Kxg2 Rf8 65. Kg3 Kd4 0-1


[Site "https://www.chess.com"]

[Event "Titled Tuesday Blitz July 4 Early 2023"]
[White "Vaibhav Jayant Raut"]
[Black "Sreyas Payyappat"]
[WhiteFideId "5089034"]
[BlackFideId "46674969"]
[WhiteElo "2626"]
[BlackElo "2526"]
[Result "0-1"]
[Round "10"]
[TimeControl "180+2"]
[Date "2023.07.04"]
[WhiteClock "0:00:03"]
[BlackClock "0:00:33"]
[Board "62"]

1. c4 c5 2. Nc3 Nc6 3. g3 Nf6 4. Bg2 g6 5. a3 Bg7 6. Rb1 O-O 7. b4 d6 8. d3 Bd7 9. Nf3 Rb8 10. O-O a5 11. b5 Nd4 12. Nxd4 cxd4 13. Nd5 Nxd5 14. Bxd5 Qc7 15. Bd2 b6 16. Qc1 Kh8 17. Bh6 Qc5 18. a4 f5 19. Qg5 e6 20. Bxg7+ Kxg7 21. Bg2 Rf6 22. Rbe1 Rbf8 23. e4 dxe3 24. Rxe3 e5 25. Re2 f4 26. Re4 Bf5 27. d4 exd4 28. Re7+ R8f7 29. Rxf7+ Rxf7 30. Bd5 Be4 31. gxf4 Bxd5 32. Qxd5 Qxd5 33. cxd5 Rxf4 34. Rc1 d3 35. Kf1 Rd4 36. Rd1 Rxd5 37. Kg2 Kf6 38. Kf3 Ke5 39. Ke3 Rd4 40. Rc1 d2 41. Rd1 Rxa4 42. Rxd2 Rb4 43. Rc2 Rxb5 44. Rc7 Rb3+ 45. Ke2 Rh3 46. Rb7 Rxh2 47. Rxb6 Rh5 48. Ra6 Ke6 49. Ke3 Rb5 50. Kf4 h5 51. Ra7 g5+ 52. Kg3 Rb3+ 53. f3 Ra3 54. Rh7 g4 55. Rxh5 gxf3 56. Kf2 a4 57. Ra5 d5 58. Ra6+ Ke5 59. Ra5 Ke4 60. Ra8 Ra2+ 61. Kf1 Kd3 62. Rf8 f2 63. Ra8 a3 64. Ra4 d4 65. Ra8 Kc4 66. Rc8+ Kd5 67. Rd8+ Kc5 68. Ra8 d3 69. Rd8 d2 70. Ke2 d1=Q+ 71. Kxd1 f1=Q# 0-1


[Site "https://www.chess.com"]

[Event "Titled Tuesday Blitz July 4 Early 2023"]
[White "Burmakin, Vladimir"]
[Black "Deng, Henry"]
[WhiteFideId "4105109"]
[BlackFideId "30965454"]
[WhiteElo "2618"]
[BlackElo "2523"]
[Result "1-0"]
[Round "10"]
[TimeControl "180+2"]
[Date "2023.07.04"]
[WhiteClock "0:02:02"]
[BlackClock "0:02:12"]
[Board "63"]

1. d4 d5 2. c4 c6 3. Nf3 e6 4. e3 Nf6 5. Bd3 Nbd7 6. O-O Bd6 7. Nc3 dxc4 8. Bxc4 b5 9. Bb3 b4 10. Na4 Kf8 11. Qc2 Bb7 12. e4 e5 13. Be3 exd4 14. Bxd4 Qe7 15. e5 Nxe5 16. Nxe5 Bxe5 17. Rfe1 Ng4 18. Rxe5 Nxe5 19. Bc5 Re8 20. Bxe7+ Rxe7 21. Rd1 Re8 22. Qc5+ Kg8 23. Qxe5 1-0


[Site "https://www.chess.com"]

[Event "Titled Tuesday Blitz July 4 Early 2023"]
[White "Lehtosaari, Mauri"]
[Black "Palczert, Matyas"]
[WhiteFideId "501999"]
[BlackFideId "784958"]
[WhiteElo "2522"]
[BlackElo "2614"]
[Result "0-1"]
[Round "10"]
[TimeControl "180+2"]
[Date "2023.07.04"]
[WhiteClock "0:00:00"]
[BlackClock "0:00:02"]
[Board "64"]

1. d4 Nf6 2. Nf3 d5 3. Bg5 Ne4 4. Bf4 e6 5. Nbd2 Bd6 6. e3 Nxd2 7. Qxd2 O-O 8. Bd3 Nd7 9. c3 Bxf4 10. exf4 c5 11. O-O cxd4 12. Nxd4 Nf6 13. Rfe1 a6 14. a4 Qd6 15. g3 b6 16. Qe3 Bb7 17. h3 Rfe8 18. Rad1 Nd7 19. Nf3 Qc5 20. Qe2 Qc6 21. Nd4 Qc7 22. Nf3 f6 23. Bc2 e5 24. fxe5 fxe5 25. Ng5 e4 26. h4 Nf6 27. Nh3 e3 28. f4 d4 29. cxd4 Qc6 30. d5 Nxd5 31. Bb3 Rad8 32. Qg2 Kf8 33. Ng5 h6 34. Nh3 Qc5 35. Kh2 e2 36. Rc1 Qe3 37. Rc3 Nxc3 38. Qxb7 Re7 39. Qxa6 Ne4 40. Rg1 Qxb3 41. a5 Qxb2 42. Qxb6 Qxb6 43. axb6 Nc5 44. Re1 Nd3 0-1


[Site "https://www.chess.com"]

[Event "Titled Tuesday Blitz July 4 Early 2023"]
[White "Korkmaz, Necmettin"]
[Black "Filgueira, Hernan"]
[WhiteFideId "6303285"]
[BlackFideId "101770"]
[WhiteElo "2518"]
[BlackElo "2611"]
[Result "0-1"]
[Round "10"]
[TimeControl "180+2"]
[Date "2023.07.04"]
[WhiteClock "0:00:09"]
[BlackClock "0:00:20"]
[Board "65"]

1. e4 d5 2. exd5 Qxd5 3. Nc3 Qd6 4. d4 c6 5. Nf3 Nf6 6. g3 Bf5 7. Bg2 e6 8. O-O Be7 9. Re1 Nbd7 10. Bf4 Qb4 11. a3 Qxb2 12. Nh4 Bg6 13. Nxg6 hxg6 14. Qd2 Qb6 15. Reb1 Qa6 16. Bf1 Qa5 17. Rxb7 O-O 18. Bg2 Qa6 19. Rab1 Rfc8 20. g4 Bf8 21. g5 Nb6 22. R7xb6 axb6 23. gxf6 gxf6 24. Ne4 Be7 25. Bd6 Bxd6 26. Nxd6 Rd8 27. Ne4 f5 28. Nf6+ Kg7 29. Qg5 Rh8 30. Bxc6 Rad8 31. Nd7 Rxd7 32. Bxd7 Qxa3 33. Qf4 Qc3 34. Qe5+ Kh7 35. Rxb6 Qxc2 36. Bc6 Qd1+ 37. Kg2 Qg4+ 38. Qg3 Qxd4 39. Bf3 Kg7 40. Rb7 Qf6 41. Rc7 g5 42. Bb7 Rh4 43. Qc3 Rg4+ 44. Kf1 Rd4 45. Rc4 Rd1+ 46. Ke2 Qxc3 47. Rxc3 Rd7 48. Bg2 Rd4 49. Rd3 Ra4 50. Rd7 Kf6 51. Bc6 Ra2+ 52. Kf1 Ra1+ 53. Kg2 Rc1 54. Rc7 Rc5 55. Rc8 g4 56. Bd7 Re5 57. Rf8 Ke7 58. Rh8 Kxd7 59. h4 Ke7 60. h5 Kf6 61. h6 Kg6 62. Rf8 Kxh6 63. Rxf7 Kg5 64. Kg3 Re4 65. f3 gxf3 66. Kxf3 Kg6 67. Rf8 Kg7 68. Re8 Kf6 69. Rf8+ Ke5 70. Ra8 Rb4 71. Ra5+ Kf6 72. Ra3 e5 73. Kg3 Kg5 74. Kh3 e4 75. Rg3+ Kf4 76. Rg1 Rd4 77. Rf1+ Ke5 78. Kg3 Rd3+ 79. Kh4 f4 80. Kg4 Rg3+ 81. Kh4 Rg8 82. Ra1 f3 83. Ra5+ Kf4 84. Kh5 f2 0-1


[Site "https://www.chess.com"]

[Event "Titled Tuesday Blitz July 4 Early 2023"]
[White "Pham, Le Thao Nguyen"]
[Black "Karttunen, Mika"]
[WhiteFideId "12401226"]
[BlackFideId "502081"]
[WhiteElo "2509"]
[BlackElo "2602"]
[Result "1-0"]
[Round "10"]
[TimeControl "180+2"]
[Date "2023.07.04"]
[WhiteClock "0:00:03"]
[BlackClock "0:00:01"]
[Board "66"]

1. d4 Nf6 2. Nf3 g6 3. c4 Bg7 4. Nc3 O-O 5. e4 d6 6. h3 e5 7. dxe5 dxe5 8. Qxd8 Rxd8 9. Bg5 Re8 10. Nd5 Nxd5 11. cxd5 c6 12. Bc4 b5 13. Bb3 Bb7 14. Rd1 a5 15. a4 Na6 16. Be3 cxd5 17. axb5 Nb4 18. exd5 e4 19. Nd4 a4 20. Bc4 Bxd5 21. Bxd5 Nxd5 22. O-O Nb4 23. Rd2 Reb8 24. Ra1 Nd3 25. Ra3 f5 26. f3 f4 27. fxe4 fxe3 28. Rdxd3 Bxd4 29. Rxd4 Rxb5 30. Rxe3 Rxb2 31. Ra3 Rf8 32. Rdxa4 Rff2 33. Rg3 Rfe2 34. Kh2 Kg7 35. h4 Rb7 36. Kh3 Re7 37. Rg4 Re3+ 38. g3 h5 39. Rg5 R3xe4 40. Rxe4 Rxe4 41. Rb5 Re6 42. Rg5 Kf6 43. Rd5 Re2 44. Rd6+ Kf5 45. Rd5+ Re5 46. Rd6 Re6 47. Rd5+ Ke4 48. Rg5 Kf3 49. Rb5 Re1 50. Rb3+ Re3 51. Rb6 g5 52. hxg5 Re4 53. Rf6+ Ke3 54. Rf4 Re5 55. Kh4 Re8 56. Kxh5 Rh8+ 57. Kg4 Rg8 58. Rf6 Rg7 59. g6 Rg8 60. Kg5 1-0


[Site "https://www.chess.com"]

[Event "Titled Tuesday Blitz July 4 Early 2023"]
[White "Ovchinnikov, Vsevolod"]
[Black "Reprintsev, Alexander"]
[WhiteFideId "24176842"]
[BlackFideId "14100541"]
[WhiteElo "2597"]
[BlackElo "2492"]
[Result "0-1"]
[Round "10"]
[TimeControl "180+2"]
[Date "2023.07.04"]
[WhiteClock "0:00:00"]
[BlackClock "0:00:27"]
[Board "67"]

1. d4 d5 2. c4 e5 3. dxe5 d4 4. Nf3 Nc6 5. g3 Nge7 6. Bg2 Ng6 7. Bg5 Qd7 8. O-O Ngxe5 9. Nxe5 Nxe5 10. Nd2 c5 11. e3 h6 12. Bf4 Ng6 13. Re1 Be7 14. Be4 Nxf4 15. exf4 O-O 16. Qf3 Rb8 17. Re2 Bf6 18. Rae1 g6 19. h4 h5 20. Bd5 Kg7 21. Ne4 Be7 22. Ng5 Bf6 23. Ne4 Be7 24. Qa3 b6 25. Ng5 Bxg5 26. fxg5 a5 27. Re7 Qd6 28. Qf3 Bf5 29. b3 a4 30. Kh2 Rbd8 31. Ra7 axb3 32. axb3 Rd7 33. Rxd7 Qxd7 34. Qf4 Re8 35. Re5 Kf8 36. Rxe8+ Qxe8 37. Qd6+ Qe7 38. Qxb6 Bg4 39. Qb8+ Kg7 40. Qf4 Bd1 0-1


[Site "https://www.chess.com"]

[Event "Titled Tuesday Blitz July 4 Early 2023"]
[White "Gomez Barrera, Javiera Belen"]
[Black "Piesik, Piotr"]
[WhiteFideId "3418723"]
[BlackFideId "1136194"]
[WhiteElo "2470"]
[BlackElo "2595"]
[Result "0-1"]
[Round "10"]
[TimeControl "180+2"]
[Date "2023.07.04"]
[WhiteClock "0:00:00"]
[BlackClock "0:01:04"]
[Board "68"]

1. e4 g6 2. d4 Bg7 3. Nc3 c6 4. Be3 d5 5. e5 Nh6 6. h3 Nf5 7. Qd2 Nxe3 8. Qxe3 c5 9. Nf3 Nc6 10. Bb5 e6 11. dxc5 Qa5 12. Bxc6+ bxc6 13. O-O Rb8 14. Rfb1 Bf8 15. Qf4 Qxc5 16. Qf6 Rg8 17. Ng5 Qe7 18. Nxh7 Bg7 19. Qxe7+ Kxe7 20. f4 c5 21. b3 Rb4 22. g3 g5 23. a3 Rd4 24. Nb5 Rd2 25. Nf6 Bxf6 26. exf6+ Kxf6 27. Rf1 Ke7 28. f5 exf5 29. Rae1+ Be6 30. Rf2 Rxf2 31. Kxf2 a5 32. a4 Kd7 33. Nc3 d4 34. Ne2 Rh8 35. Rh1 Kc6 36. h4 f6 37. Nc1 f4 38. h5 fxg3+ 39. Kxg3 Rh6 40. Nd3 Kd6 41. Nf2 f5 42. Rh2 Bf7 43. Kf3 Rxh5 44. Rxh5 Bxh5+ 45. Kg3 Ke5 46. Nd3+ Kd5 47. Nb2 f4+ 48. Kf2 g4 49. Nc4 g3+ 50. Kg2 Bd1 51. Nxa5 Bxc2 52. Nc4 Bxb3 53. Nb6+ Kc6 54. a5 Kb5 0-1


[Site "https://www.chess.com"]

[Event "Titled Tuesday Blitz July 4 Early 2023"]
[White "Garcia Almaguer, Juan Manuel"]
[Black "Pinheiro, Iung Alicio de O."]
[WhiteFideId "5110491"]
[BlackFideId "2104350"]
[WhiteElo "2470"]
[BlackElo "2592"]
[Result "0-1"]
[Round "10"]
[TimeControl "180+2"]
[Date "2023.07.04"]
[WhiteClock "0:00:09"]
[BlackClock "0:00:08"]
[Board "69"]

1. e4 e6 2. d4 d5 3. e5 c5 4. c3 Nc6 5. Nf3 Qb6 6. a3 c4 7. Nbd2 Bd7 8. b4 cxb3 9. Qxb3 Qc7 10. Rb1 Na5 11. Qc2 Rc8 12. Bb2 f5 13. Bd3 Nh6 14. h3 Be7 15. g4 g6 16. Rg1 Rf8 17. g5 Nf7 18. h4 Qc6 19. h5 Qa4 20. Qc1 Nc4 21. Nxc4 dxc4 22. Bc2 Qc6 23. Nh4 Rg8 24. f4 b5 25. Qd1 a5 26. hxg6 hxg6 27. Nxg6 Rxg6 28. Qh5 Rg8 29. g6 Nxe5 30. dxe5 Kd8 31. Rd1 Kc7 32. Qh7 Rce8 33. Rg2 Qf3 34. Rgd2 Qe3+ 35. Kf1 Qxf4+ 36. Ke1 Qxe5+ 37. Re2 Qg3+ 38. Kf1 Bc6 39. a4 Bf3 40. Rdd2 Bxe2+ 41. Rxe2 Qf3+ 42. Ke1 Qg4 43. axb5 Qxg6 44. Qh2+ Bd6 45. Qf2 Qg1+ 46. Qxg1 Rxg1+ 47. Kf2 Rg4 48. Ba4 Kb6 49. Bc1 Bc5+ 50. Be3 Bxe3+ 51. Rxe3 Re4 52. Rxe4 fxe4 53. Ke3 Kc5 54. Kxe4 Rd8 55. Ke5 Rd3 56. b6 Kxb6 57. Kxe6 Kc5 0-1


[Site "https://www.chess.com"]